Unix NetHack Version 3.7.0-73 Work-in-progress - last build Feb 17 2023 02:16:44 (48fe2e8c4a70f1d2d5b622443eb9b5bc1b8d05f7,branch:master). Game began 2023-02-18 23:22:24, ended 2023-02-18 23:27:21. microlance, lawful female dwarven Valkyrie -- ---- --.--- |..| ---- ---- | ....-- |..----|..|------ |..---- |.|.....- --....--..--.--.--|.....| --- --- |.|B.... --..............--.....| --.-- ---.... ---..h.- |...................^.---- |...| |.........*.......-- --............------.....| |..-- - ---.. ---.| ---.......>..| |....%| ----.| .. |.| ---........| ---.....| |..).| - |.| --.^..)..-- |......-- --.---- |.-- |........| |......-- |..| |..| --...)..--- |.......------.-- --.| ---- |.....`.| --........|....| |.| --..| |..------ --..........---- |.| --...---..| |...........| |.| --.........| |..|.--.....| |.-- |........<.| ---|.--.|..-- |..| |.........-- |. ..|--- |..---------.......-- --...| |.............---.-- |...| --------------- --- ----- Microlance the Skirmisher St:18/05 Dx:14 Co:17 In:7 Wi:7 Ch:6 Lawful S:337 Dlvl:3 $:13 HP:0(35) Pw:3(3) AC:6 Xp:3/56 T:1183 Latest messages: Status of the hobbit (lawful): Level 1 HP 8(8) AC 10. The hobbit hits! The hobbit hits! You hit the hobbit! The hobbit misses! You kill the hobbit! You see here an arrow. q - a scroll labeled ZELGO MER. You swap places with the peaceful gnome. You see here a white gem. r - a white gem. You swap places with the peaceful gnome. You are momentarily blinded by a flash of light! You hear a deafening roar! It bites! You get zapped! It just misses! You kill it! Wait! There's something there you can't see! It bites! You get zapped! You kill it! You can see again. Pick an object. You can hear again. Pick an object. ) a weapon (unexplored area) An arrow shoots out at you! You are hit by an arrow. s - a candle. There is an arrow trap here. An arrow shoots out at you! You are almost hit by an arrow. The newt bites! You kill the newt! The giant bat bites! The giant bat bites! You miss the giant bat. The giant bat bites! The giant bat bites! You hit the giant bat. The giant bat bites! The giant bat bites! You miss the giant bat. The giant bat bites! The giant bat just misses! You hit the giant bat! The giant bat bites! The giant bat bites! You die... Inventory: Coins ('$') $ - 13 gold pieces Weapons (')') b - a +0 dagger (alternate weapon; not wielded) a - a +1 dwarvish spear Armor ('[') c - an uncursed +3 small shield (being worn) e - an uncursed +0 banded mail (wielded) Comestibles ('%') d - an uncursed food ration g - 3 uncursed food rations i - 3 uncursed lichen corpses Scrolls ('?') q - an uncursed scroll of amnesia h - a cursed scroll of identify Potions ('!') f - an uncursed potion of gain level Rings ('=') l - an uncursed ring of see invisible Tools ('(') p - an uncursed stethoscope s - a cursed tallow candle k - an uncursed tin opener Gems/Stones ('*') r - an uncursed dilithium crystal n - 2 uncursed fluorite stones o - an uncursed worthless piece of blue glass m - an uncursed worthless piece of yellow glass Microlance the Valkyrie's attributes: Background: You were a Skirmisher, a level 3 dwarven Valkyrie. You were lawful, nominally on a mission for Tyr who was opposed by Odin (neutral) and Loki (chaotic). You were in the Gnomish Mines, on level 3. You entered the dungeon 1183 turns ago. It was nighttime. You had 56 experience points, 24 more were needed to attain level 4. Your score was 337 before end-of-game adjustments. Basics: You had 0 out of 35 hit points. You had all 3 energy points (spell power). Your armor class was 6. Your wallet contained 13 zorkmids. Autopickup was on for '$?!"=/' plus thrown, with exceptions. Final Characteristics: Your strength was 18/05 (limit:18/100). Your dexterity was 14 (limit:20). Your constitution was 17 (limit:20). Your intelligence was 7 (limit:16). Your wisdom was 7 (limit:16). Your charisma was 6 (limit:16). Final Status: You were not hungry. You were unencumbered. You were wielding some armor. Final Attributes: You were devoutly aligned. You were cold resistant. You had infravision. You were stealthy. You are dead. Miscellaneous: You disabled loading of bones levels. Total elapsed playing time was 4 minutes and 56 seconds. Major events: Turn 1: microlance the lawful dwarven Valkyrie entered the dungeon 890: attained the rank of Skirmisher (level 3) 955: entered the Gnomish Mines 1183: killed by a giant bat Vanquished creatures: 2 coyotes a hobbit 4 jackals 2 foxes a goblin 2 sewer rats 3 grid bugs 4 lichens a kobold zombie 5 newts 25 creatures vanquished. No species were genocided or became extinct. Voluntary challenges: You were an atheist. You were illiterate. You never engraved Elbereth. You never genocided any monsters. You never polymorphed an object. You never changed form. You used no wishes. Achievements: You attained the rank of Skirmisher. You entered the Gnomish Mines. The Dungeons of Doom: levels 1 to 2 Level 1: Level 2: Stairs down to The Gnomish Mines. The Gnomish Mines: Level 3: <- You were here. Final resting place for you, killed by a giant bat. Game over: ---------- / \ / REST \ / IN \ / PEACE \ / \ | microlance | | 13 Au | | killed by a | | giant bat | | | | | | 2023 | *| * * * | * _________)/\\_//(\/(/\)/\//\/|_)_______ Farvel microlance the Valkyrie... You died in The Gnomish Mines on dungeon level 3 with 336 points, and 13 pieces of gold, after 1183 moves. You were level 3 with a maximum of 35 hit points when you died.